 Dungeon Crawl Stone Soup version 0.21-a0-450-gd87a9b2 (webtiles) character file.

101001 mortelune the Executioner (level 15, -2/144 HPs)
             Began as a Minotaur Berserker on Nov 18, 2017.
             Was a High Priest of Trog.
             Slain by a halberd of chopping (8 damage)
             ... on level 1 of the Elven Halls.
             The game lasted 02:04:43 (30160 turns).

mortelune the Executioner (Minotaur Berserker)     Turns: 30160, Time: 02:04:44

Health: -2/144     AC: 26    Str: 26    XL:     15   Next: 82%
Magic:  4/4        EV: 14    Int:  8    God:    Trog [*****.]
Gold:   708        SH:  2    Dex: 11    Spells: 14/14 levels left

rFire    . . .     SeeInvis .   K - +4 executioner's axe (antimagic)
rCold    . . .     Gourm    .   (shield currently unavailable)
rNeg     + . .     Faith    .   Q - +1 plate armour {rN+}
rPois    .         Spirit   .   (helmet unavailable)
rElec    .         Reflect  +   G - +0 cloak
rCorr    +         Harm     .   v - +2 pair of gloves
MR       ++...                  M - +1 pair of boots
Stlth    ..........             J - amulet "Qogh" {Reflect Int+3 SH+2}
HPRegen  0.34/turn              Z - ring of protection from magic
MPRegen  0.09/turn              d - ring of resist corrosion

@: no status effects
A: retaliatory headbutt, horns 3, repulsion field 1
a: Berserk, Trog's Hand, Brothers in Arms, Burn Spellbooks, Renounce Religion


You were on level 1 of the Elven Halls.
You worshipped Trog.
Trog was extremely pleased with you.
You were near starving.

You visited 4 branches of the dungeon, and saw 24 of its levels.
You visited 1 bazaar.
You also visited: Labyrinth and Ice Cave.

You collected 2661 gold pieces.
You spent 1953 gold pieces at shops.

Inventory:

Hand Weapons
 o - the +10 scimitar "Undertaker" {flame, Str+7}
   (You took it off a minotaur in a labyrinth)

   It has been specially enchanted to burn those struck by it, causing extra
   injury to most foes and up to half again as much damage against particularly
   susceptible opponents.
   Big, fiery blades are also staple armaments of hydra-hunters.
   It affects your strength (+7).
 K - a +4 antimagic executioner's axe (weapon)
Armour
 v - a +2 pair of gloves (worn)
 G - a +0 cloak (worn)
 M - a +1 pair of boots (worn)
 Q - a +1 plate armour of positive energy (worn)
Jewellery
 d - a ring of resist corrosion (right hand)
 x - a +4 ring of dexterity
 D - an uncursed amulet of regeneration
 J - the amulet "Qogh" (around neck) {Reflect Int+3 SH+2}
   (You bought it in a shop in a bazaar)

   [amulet of reflection]

   It shields you and reflects attacks.
   It affects your intelligence (+3).
   It affects your SH (+2).
 S - an uncursed ring of fire
 Z - a ring of protection from magic (left hand)
Wands
 h - a wand of polymorph (9/24)
 w - a wand of scattershot (2/9)
 B - a wand of iceblast (15/15)
 E - a wand of paralysis (12/24)
 V - a wand of scattershot (5/9)
 W - a wand of digging (9/24)
 X - a wand of lightning (5/15)
Scrolls
 b - a scroll of silence
 i - 10 scrolls of remove curse
 j - 5 scrolls of teleportation
 k - a scroll of torment
 p - 2 scrolls of identify
 y - a scroll of recharging
 z - a scroll of summoning
 A - a scroll of blinking
 H - 3 scrolls of fear
 I - 2 scrolls of fog
 N - 3 scrolls of immolation
 O - 3 scrolls of magic mapping
 U - 6 scrolls of enchant armour
Potions
 a - a potion of cancellation
 e - a potion of invisibility
 f - 4 potions of ambrosia
 g - 4 potions of agility
 l - 9 potions of curing
 n - 3 potions of lignification
 q - a potion of heal wounds
 r - 2 potions of brilliance
 s - 4 potions of resistance
 C - 2 potions of flight
 F - 3 potions of might
 R - 4 potions of haste
Books
 t - a book of Enchantments

   Spells                             Type                      Level
   a - Cause Fear                     Hexes                        4
   b - Yara's Violent Unravelling     Hexes/Transmutation          5
   c - Silence                        Hexes/Air                    5
   d - Deflect Missiles               Charms/Air                   6
   e - Discord                        Hexes                        8
   Trog disapproves of the use of such an item.
Miscellaneous
 L - a phial of floods
 P - a lamp of fire
 Y - a phantom mirror
Comestibles
 c - 21 bread rations
 m - 8 meat rations
 u - 2 royal jellies


   Skills:
 + Level 16.1 Fighting
 * Level 21.3 Axes
 + Level 15.9 Armour
 + Level 9.3 Dodging


You had 14 spell levels left.
You didn't know any spells.

Dungeon Overview and Level Annotations

Branches:
Dungeon (15/15)            Temple (0/1) D:5            Lair (6/6) D:10
 Shoals (0/4) Lair:3       Spider (0/4) Lair:2        Slime (0/5) Lair:6
    Orc (2/2) D:11            Elf (1/3) Orc:2        Vaults (0/5) D:13
 Depths: D:15

Altars:
Dithmenos
Fedhas
Hepliaklqana
Kikubaaqudgha
Makhleb
Nemelex Xobeh
Ru
Sif Muna
Trog
Uskayaw
Beogh

Shops:
D:10 =   D:12 (   D:14 [   Orc:2 *((**

Annotations:
D:13 exclusion: orange crystal statue


Innate Abilities, Weirdness & Mutations

You reflexively headbutt those who attack you in melee.
You have a pair of large horns on your head.
You are surrounded by a mild repulsion field. (EV +2)


Message History

The scimitar of holy wrath is lightly damaged.
You miss the trident of protection. You closely miss the deep elf knight.
You hear a shout! x2
The trident of protection hits you.
You block the scimitar of holy wrath's attack.
The deep elf knight barely misses you.
The halberd of chopping hits you from afar!
A deep elf mage and a deep elf archer come into view.
You slice the scimitar of holy wrath!!
Your headbutt misses the scimitar of holy wrath.
The scimitar of holy wrath is almost destroyed.
You hit the trident of protection. You miss the deep elf knight.
The trident of protection misses you.
The scimitar of holy wrath hits you but does no damage.
The deep elf knight gestures at you while chanting.
The shard of ice hits you!
* * * LOW HITPOINT WARNING * * *
The deep elf archer moves out of view.
The halberd of chopping hits you from afar!
You die...

.....+#* *,,*,,,,,,,*,*
....##,*****,,*,,,,,,,*,*
'####**,,,,,,,*,,,,,,,*§*
....##**,***#..,,,8,§.§§*
.....##**,**#.#,,,,§§e#,*
......##**,*#.#,,,,e§§#,*
.......# **+#.#,,,e§E,*,*
.......#***#..####E####§*
.......+,,,+....@(e..§§§*
.......#***#....(e...§§.*
.......# ##...(.######*
......## ##'#...##
.....## ##.###+## ....##
##.## *,* ##### ##.## *,*
####.## #.# ###.#'## #.#


You could see 2 deep elf knights, an earth elemental, a water elemental, a deep
elf mage and 3 dancing weapons.

Vanquished Creatures
  Rupert (D:13)
  Frances (Elf:1)
  A frost giant (IceCv)
  A stone giant (Orc:2)
  An ettin (D:15)
  An ogre mage (D:15)
  A minotaur (Lab)
  7 hydras
  A merfolk avatar (Lair:6)
  5 two-headed ogres
  A catoblepas (Lair:5)
  Erica (D:8)
  3 centaur warriors
  A dancing weapon (Elf:1)
  2 tengu warriors (D:15)
  4 orc high priests
  2 deep elf knights
  A hell knight (D:15)
  An unseen horror (D:14)
  Pikel (D:5)
  2 wolf spider zombies
  22 ugly things
  A harpy (Lair:6)
  4 cyclopes
  An orc knight (D:13)
  11 deep elf magi
  3 orc sorcerers
  An oklob plant (Lair:5)
  A manticore (D:12)
  An ice statue (IceCv)
  17 elephants (Lair:6)
  A merfolk siren (Lair:3)
  5 black mambas
  A gargoyle (D:14)
  A rime drake (Lair:6)
  9 spiny frogs
  An efreet (D:15)
  8 komodo dragons
  3 tengu conjurers (D:14)
  4 trolls
  4 hornets
  18 polar bears
  3 merfolk (Lair:3)
  A slime creature (D:13)
  13 blink frogs
  5 dream sheep (Lair:6)
  A dream sheep (shapeshifter) (D:13)
  11 hippogriffs
  A spriggan (D:9)
  Sigmund (D:5)
  2 air elementals (Elf:1)
  A redback (Lab)
  3 wyverns
  2 wraiths
  2 shadows
  30 yaks
  The ghost of darxusza the Shield-Bearer, an amateur HOFi (D:4)
  A fire elemental (Elf:1)
  10 humans (D:13)
  8 hungry ghosts
  A steam dragon (D:11)
  3 basilisks
  4 vampire mosquitoes (D:15)
  3 wargs (D:10)
  An acid dragon (D:15)
  5 porcupines
  3 hell hounds (D:15)
  A soldier ant (D:12)
  11 water moccasins
  3 ice beasts
  21 orc warriors
  A hornet zombie (D:10)
  4 phantoms
  2 sky beasts
  The ghost of darxusza the Shooter, an amateur CeHu (D:3)
  2 black bears
  2 necrophages
  6 ogres
  19 wolves
  11 centaurs
  15 crocodiles
  A big kobold (D:7)
  An earth elemental (Elf:1)
  16 bullfrogs
  2 wyvern skeletons
  4 scorpions
  16 wights
  3 spriggan skeletons (Lab)
  3 howler monkeys
  An electric eel (Lair:1)
  7 crimson imps
  3 centaur zombies
  2 jellies
  2 quasits
  9 hounds
  2 bullfrog zombies
  2 bullfrog skeletons
  3 centaur skeletons
  34 orc priests
  A wyvern simulacrum (D:12)
  13 hell rats
  3 iguanas
  25 orc wizards
  13 worker ants
  2 killer bee zombies
  2 bullfrog simulacra (D:12)
  An ogre skeleton (Lab)
  A hound zombie (D:6)
  A howler monkey zombie (D:10)
  13 adders
  4 shadow imps
  3 white imps (D:12)
  An ufetubus (D:12)
  2 oozes (D:6)
  An adder skeleton (D:4)
  2 worms
  A dart slug (D:3)
  6 leopard geckos
  70 orcs
  12 bats
  6 goblins
  A hobgoblin (D:3)
  9 jackals
  2 quokkas
  7 frilled lizards
  A giant cockroach zombie (D:5)
  10 kobolds
  A quokka skeleton (D:4)
  A quokka zombie (D:6)
  5 rats
  5 fungi
  4 plants
711 creatures vanquished.

Vanquished Creatures (collateral kills)
  Gastronok (D:8)
  2 crystal guardians (D:13)
  A centaur warrior (D:13)
  A two-headed ogre (D:15)
  An orc high priest (Orc:2)
  A deep elf mage (D:13)
  A manticore (Lair:6)
  An elephant (Lair:6)
  A rime drake (Lair:6)
  3 polar bears (IceCv)
  6 humans (D:13)
  2 yaks (IceCv)
  2 porcupines (Lair:3)
  A wolf (IceCv)
  4 orc priests
  A jelly (D:13)
  3 orc wizards
  13 orcs
45 creatures vanquished.

Vanquished Creatures (others)
  An orc wizard (Orc:1)
  An adder (D:5)
  4 jackals (D:5)
  A quokka (D:5)
  7 fungi
  7 plants
21 creatures vanquished.

Grand Total: 777 creatures vanquished

Notes
Turn   | Place    | Note
-------+----------+-------------------------------------------
     0 | D:1      | mortelune the Minotaur Berserker began the quest for the Orb.
     0 | D:1      | Reached XP level 1. HP: 19/19 MP: 0/0
   480 | D:1      | Reached skill level 4 in Axes
   601 | D:2      | Reached XP level 2. HP: 16/27 MP: 1/1
  1622 | D:3      | Noticed darxusza's ghost (amateur CeHu)
  1622 | D:3      | Reached XP level 3. HP: 29/33 MP: 2/2
  1631 | D:3      | Killed darxusza's ghost
  1631 | D:3      | Reached skill level 5 in Axes
  1631 | D:3      | Reached XP level 4. HP: 37/41 MP: 3/3
  1791 | D:3      | Reached ** piety under Trog
  2006 | D:3      | Reached XP level 5. HP: 47/47 MP: 4/4
  2254 | D:3      | Reached skill level 6 in Axes
  2277 | D:3      | Found a hide-covered altar of Uskayaw.
  2281 | D:3      | Found a sparkling altar of Nemelex Xobeh.
  2299 | D:3      | Found a deep blue altar of Sif Muna.
  2800 | D:4      | Reached skill level 5 in Fighting
  2888 | D:4      | Reached XP level 6. HP: 48/56 MP: 5/5
  2906 | D:4      | Reached *** piety under Trog
  2920 | D:4      | Noticed darxusza's ghost (amateur HOFi)
  2926 | D:4      | Killed darxusza's ghost
  2926 | D:4      | Reached skill level 7 in Axes
  3248 | D:4      | Reached skill level 5 in Armour
  3248 | D:4      | Reached XP level 7. HP: 49/62 MP: 6/6
  3633 | D:4      | Found a hazy altar of Hepliaklqana.
  4015 | D:5      | Entered Level 5 of the Dungeon
  4050 | D:5      | Noticed Pikel
  4056 | D:5      | Killed Pikel
  4056 | D:5      | Reached skill level 9 in Axes
  4056 | D:5      | Reached XP level 8. HP: 61/71 MP: 7/7
  4299 | D:5      | Found a staircase to the Ecumenical Temple.
  4595 | D:5      | Found a blossoming altar of Fedhas.
  4604 | D:5      | Noticed Sigmund
  4610 | D:5      | Killed Sigmund
  4823 | D:6      | Found a shadowy altar of Dithmenos.
  4851 | D:6      | Found an ancient bone altar of Kikubaaqudgha.
  5142 | D:6      | Reached skill level 10 in Axes
  5220 | D:6      | Reached **** piety under Trog
  5392 | D:6      | Found a bloodstained altar of Trog.
  5398 | D:6      | Reached XP level 9. HP: 71/81 MP: 8/8
  6475 | D:6      | Reached skill level 11 in Axes
  6616 | D:7      | Found a sacrificial altar of Ru.
  6616 | D:7      | Found a burning altar of Makhleb.
  6933 | D:7      | Reached ***** piety under Trog
  7275 | D:8      | Noticed Gastronok
  7283 | D:8      | Killed Gastronok
  7283 | D:8      | Reached skill level 12 in Axes
  7462 | D:8      | Reached XP level 10. HP: 87/91 MP: 9/9
  7886 | D:8      | Noticed Erica
  7902 | D:8      | Killed Erica
  8481 | D:8      | You fall through a shaft for 3 floors!
  8570 | D:11     | Reached skill level 13 in Axes
  8732 | D:10     | Entered Level 10 of the Dungeon
  8748 | D:10     | Reached skill level 10 in Fighting
  8903 | D:9      | Found a burning altar of Makhleb.
  8914 | D:9      | Found a sacrificial altar of Ru.
  9349 | D:9      | Reached skill level 10 in Armour
  9629 | D:9      | Received a gift from Trog
  9967 | D:10     | Found a staircase to the Lair.
  9970 | D:10     | Reached skill level 14 in Axes
 10174 | D:10     | Paralysed by a hornet for 2 turns
 10178 | D:10     | Paralysed by a hornet for 1 turns
 10181 | D:10     | Reached XP level 11. HP: 93/101 MP: 10/10
 10271 | D:10     | Noticed a two-headed ogre
 10279 | D:10     | Killed a two-headed ogre
 10603 | D:10     | Found Ivarypod's Jewellery Emporium.
 10615 | D:10     | Bought a +2 amulet of reflection for 112 gold pieces
 11240 | D:11     | Found a staircase to the Orcish Mines.
 11255 | D:11     | Found a roughly hewn altar of Beogh.
 11943 | D:12     | Reached skill level 15 in Axes
 11982 | D:12     | Received a gift from Trog
 12045 | D:12     | Found Ostaof's Antique Weapon Emporium.
 12432 | D:12     | Noticed a deep elf mage
 12450 | D:12     | Noticed a sixfirhy
 12460 | D:12     | Found a frozen archway.
 12461 | D:12     | Killed a deep elf mage
 12479 | IceCv    | Entered an ice cave
 12771 | IceCv    | Reached XP level 12. HP: 100/112 MP: 11/11
 12779 | IceCv    | Reached skill level 16 in Axes
 13260 | IceCv    | Noticed a frost giant
 13281 | IceCv    | Killed a frost giant
 14262 | Lair:1   | Entered Level 1 of the Lair of Beasts
 14354 | Lair:1   | Reached skill level 17 in Axes
 15182 | Lair:2   | Found a hole to the Spider Nest.
 15946 | Lair:3   | Noticed a seven-headed hydra
 15956 | Lair:3   | Killed a seven-headed hydra
 16344 | Lair:3   | Noticed an eight-headed hydra
 16614 | Lair:3   | Reached XP level 13. HP: 122/122 MP: 12/12
 16818 | Lair:3   | Found a staircase to the Shoals.
 17410 | Lair:4   | Found a labyrinth entrance.
 17421 | Lab      | Entered a labyrinth
 17946 | Lab      | Reached skill level 18 in Axes
 17998 | Lab      | Noticed a minotaur
 18005 | Lab      | Killed a minotaur
 18068 | Lab      | Identified the Handbook of Calling and Battle Magic
 18069 | Lab      | Found the +8 autumn katana {slice, Clar}
 18235 | Lab      | Got a warped scimitar {flame}
 18236 | Lab      | Identified the +10 scimitar "Undertaker" {flame, Str+7} (You took it off a minotaur in a labyrinth)
 19300 | Lair:5   | Received a gift from Trog
 20212 | Lair:6   | Entered Level 6 of the Lair of Beasts
 20506 | Lair:6   | Received a gift from Trog
 20513 | Lair:6   | Reached skill level 19 in Axes
 20558 | Lair:6   | Reached skill level 5 in Dodging
 20607 | Lair:6   | Reached XP level 14. HP: 61/133 MP: 13/13
 20638 | Lair:6   | Received a gift from Trog
 21096 | Lair:6   | Found a staircase to the Slime Pits.
 21979 | Orc:1    | Entered Level 1 of the Orcish Mines
 22058 | Orc:1    | Received a gift from Trog
 22610 | Orc:1    | Found a roughly hewn altar of Beogh.
 22694 | Orc:2    | Entered Level 2 of the Orcish Mines
 22704 | Orc:2    | Found a staircase to the Elven Halls.
 22939 | Orc:2    | Found Tianoon's Assorted Antiques.
 22950 | Orc:2    | Bought a scroll of blinking for 232 gold pieces
 22950 | Orc:2    | Bought a scroll of identify for 62 gold pieces
 23011 | Orc:2    | Noticed a stone giant
 23023 | Orc:2    | Killed a stone giant
 23242 | Orc:2    | Reached skill level 15 in Fighting
 23433 | Orc:2    | Found Zofaibat's General Store.
 23433 | Orc:2    | Found Golu's Weapon Shop.
 23434 | Orc:2    | Found Jonyg's General Store.
 23439 | Orc:2    | Found Jeafruph's Weapon Boutique.
 23443 | Orc:2    | Bought a scroll of identify for 26 gold pieces
 23443 | Orc:2    | Bought a scroll of immolation for 45 gold pieces
 23448 | Orc:2    | Bought a scroll of teleportation for 48 gold pieces
 23936 | D:13     | Found a gate to the Vaults.
 23936 | D:13     | Noticed Rupert
 23941 | D:13     | Reached skill level 20 in Axes
 23942 | D:13     | Received a gift from Trog
 23960 | D:13     | Reached skill level 15 in Armour
 23964 | D:13     | Killed Rupert
 24285 | D:13     | Found a runed door.
 24299 | D:13     | Lost intelligence.
 24841 | D:10     | Bought a +3 ring of intelligence for 235 gold pieces
 25437 | D:13     | Gained mutation: You are clumsy. (Dex -2) [mutagenic meat]
 25438 | D:13     | Gained mutation: You do not regenerate when monsters are visible. [mutagenic meat]
 25439 | D:13     | Lost mutation: You are clumsy. (Dex -2) [mutagenic meat]
 25440 | D:13     | Lost mutation: You do not regenerate when monsters are visible. [mutagenic meat]
 25441 | D:13     | Gained mutation: You have a pair of large horns on your head. [mutagenic meat]
 25442 | D:13     | Gained mutation: You are surrounded by a mild repulsion field. (EV +2) [mutagenic meat]
 25602 | D:13     | Reached XP level 15. HP: 112/141 MP: 4/14
 27115 | D:14     | Found Dysiwn's Antique Armour Shop.
 28016 | D:15     | Entered Level 15 of the Dungeon
 28140 | D:15     | Reached skill level 21 in Axes
 29160 | Elf:1    | Entered Level 1 of the Elven Halls
 29338 | Elf:1    | Found a flickering gateway to a bazaar.
 29348 | Bazaar   | Entered a bazaar
 29351 | Bazaar   | Found Ittos's Food Shop.
 29383 | Bazaar   | Found Nulah's Assorted Antiques.
 29390 | Bazaar   | Found Xeisekh's General Store.
 29410 | Bazaar   | Found Gaesok's Jewellery Emporium.
 29423 | Bazaar   | Bought the amulet "Qogh" {Reflect Int+3 SH+2} for 312 gold pieces
 29435 | Bazaar   | Bought a scroll of silence for 82 gold pieces
 29435 | Bazaar   | Bought a scroll of summoning for 104 gold pieces
 29435 | Bazaar   | Bought a potion of haste for 110 gold pieces
 29435 | Bazaar   | Bought a scroll of identify for 22 gold pieces
 29458 | Bazaar   | Bought a scroll of teleportation for 87 gold pieces
 29458 | Bazaar   | Bought a scroll of fear for 101 gold pieces
 29493 | Bazaar   | Bought an uncursed ring of fire for 375 gold pieces
 29675 | Elf:1    | Noticed Frances
 29700 | Elf:1    | Killed Frances
 30160 | Elf:1    | HP: 6/144 [deep elf knight/shard of ice (42)]
 30160 | Elf:1    | Slain by a halberd of chopping

Vault maps used:
D:1:      dpeg_arrival_leaves_temple_mockup
D:2:      first_bread
D:3:      minmay_overflow_temple_star_quad, hangedman_abyss_or_decor_lesser_grid
D:4:      lemuel_doored_altar, serial_bayou_lagoon_a
D:5:      overflow_temple_1_default, minmay_temple_entry_statues_pillars,
          uniq_sigmund, uniq_pikel
D:6:      nicolae_whirlpool, grunt_dithmenos_smoke, basic_altar,
          trog_butcher_becter
D:7:      gammafunk_temple_overflow_elements
D:8:      uniq_erica, uniq_gastronok
D:9:      basic_altar, the_bakery, kennysheep_cross_room,
          nicolae_ru_sacrificial_ziggurat
D:10:     erik_lair_orcish_takeover, serial_shops, nicolae_shop_stone
D:11:     minmay_orc_entry_temple_small
D:12:     serial_shops, nicolae_shop_waterfront, serial_ice, serial_ice_n,
          serial_ice_e, serial_ice_b, serial_ice_c, serial_ice_l, serial_ice_f,
          serial_ice_a, portal_ice_cave_entry_pillars_1,
          kennysheep_generic_room_14
D:13:     kennysheep_ambush_hall, david_vaults_3, minmay_crystal_box
D:14:     minmay_connected_triangles_in_corner, serial_shops, shop, hex_large,
          solitary_fountain, solitary_fountain
D:15:     hangedman_depths_entry_civil_slaughter, hangedman_decor_push,
          spider_trap, uniq_azrael
Lair:1:   lemuel_fruit_fields
Lair:2:   spider_nest_entry_a
Lair:3:   elwin_shoals_entry_stream, hangedman_lair_unloving_vines,
          beast_lair_carwin_5, grunt_megastairs_1
Lair:4:   lab_entry_generic
Lair:6:   gammafunk_lair_ancient_temple, slime_dummy
Orc:1:    minmay_orc_temple_b
Orc:2:    st_orc_mages, serial_shops, shop
Elf:1:    elf_arrival_001, serial_shops, bzr_in_the_mist, minivault_28,
          uniq_frances
Lab:      labyrinth_mini_lab, labyrinth_lava_lair, nicolae_lab_swirl,
          nicolae_lab_hexagon, nicolae_lab_grate, labyrinth_skeletal_remains,
          nicolae_lab_diamond, nicolae_lab_do_over, lab_block, nicolae_lab_plus,
          nicolae_lab_t_cross, nicolae_lab_quarters, labyrinth_glass_1
Bazaar:   bazaar_kb_twisted_cavern
IceCv:    ice_cave_small_giant

Skill      XL: |  1  2  3  4  5  6  7  8  9 10 11 12 13 14 15 |
---------------+----------------------------------------------+-----
Axes           | 4 5 6 7 9 10 12 14 15 17 19 20 21 | 21.3
Fighting       | 4 5 6 7 9 10 12 13 14 15 16 | 16.1
Armour         | 3 4 5 6 7 9 10 11 13 14 15 | 15.9
Dodging        | 5 7 9 |  9.3

Action                   |  1- 3 |  4- 6 |  7- 9 | 10-12 | 13-15 || total
-------------------------+-------+-------+-------+-------+-------++-------
Melee: Hand axe          |    52 |   128 |    17 |       |       ||   197
       Headbutt          |     9 |    15 |    60 |   134 |   232 ||   450
       Whip              |       |       |   158 |       |       ||   158
       Flail             |       |       |    59 |   171 |     8 ||   238
       Broad axe         |       |       |       |   320 |    10 ||   330
       Battleaxe         |       |       |       |    80 |   421 ||   501
       Scimitar          |       |       |       |       |    41 ||    41
       Executioner's axe |       |       |       |       |   445 ||   445
Invok: Burn Spellbooks   |     1 |     1 |     1 |     1 |     2 ||     6
       Berserk           |     1 |     3 |     1 |     6 |     7 ||    18
       Trog's Hand       |       |       |     1 |       |     5 ||     6
       Brothers in Arms  |       |       |     1 |     5 |    10 ||    16
  Use: Scroll            |     1 |     3 |     4 |    10 |    15 ||    33
       Potion            |       |       |       |     3 |     7 ||    10
 Stab: Distracted        |       |       |       |     1 |     1 ||     2
  Eat: Royal jelly       |     1 |       |       |     4 |     2 ||     7
       Chunk             |       |     5 |    12 |    20 |    24 ||    61
       Meat ration       |       |     1 |       |     2 |     5 ||     8
       Fruit             |       |       |       |     2 |     2 ||     4
       Bread ration      |       |       |       |       |     2 ||     2
Armor: Animal skin       |    13 |       |       |       |       ||    13
       Ring mail         |     7 |    38 |    47 |       |       ||    92
       Chain mail        |       |       |    44 |   407 |    34 ||   485
       Plate armour      |       |       |       |       |   699 ||   699
       Acid dragon scale |       |       |       |       |     6 ||     6
Dodge: Dodged            |    54 |    57 |   114 |   293 |   561 ||  1079
Block: Other             |       |       |       |    29 |    23 ||    52
       Reflection        |       |       |       |     1 |       ||     1
       Rpst.: Scimitar   |       |       |       |       |     7 ||     7

Table legend:
 A = Spawn XP
 B = Non-spawn XP
 C = Spawn XP percentage of total XP
 D = Spawn monster count
 E = Non-spawn monster count
 F = Spawn count percentage of total count
 G = Total turns spent on level
                    A         B        C        D         E        F      G
               +---------+---------+-------+---------+---------+-------+---------
         Total |       0 |  144288 |   0.0 |       0 |     748 |   0.0 | 30160
               +---------+---------+-------+---------+---------+-------+---------
           D:1 |       0 |      10 |   0.0 |       0 |       7 |   0.0 |   576
           D:2 |       0 |      24 |   0.0 |       0 |      14 |   0.0 |  1038
           D:3 |       0 |     277 |   0.0 |       0 |      28 |   0.0 |  1148
           D:4 |       0 |     589 |   0.0 |       0 |      19 |   0.0 |  1253
           D:5 |       0 |    1206 |   0.0 |       0 |      10 |   0.0 |   775
           D:6 |       0 |    1326 |   0.0 |       0 |      29 |   0.0 |  1814
           D:7 |       0 |     960 |   0.0 |       0 |      24 |   0.0 |   671
           D:8 |       0 |    2451 |   0.0 |       0 |      23 |   0.0 |  1286
           D:9 |       0 |    1023 |   0.0 |       0 |      18 |   0.0 |   737
          D:10 |       0 |    4532 |   0.0 |       0 |      33 |   0.0 |  1719
          D:11 |       0 |    2057 |   0.0 |       0 |      29 |   0.0 |  1233
          D:12 |       0 |    5823 |   0.0 |       0 |      42 |   0.0 |  1234
          D:13 |       0 |   17711 |   0.0 |       0 |      61 |   0.0 |  2492
          D:14 |       0 |   15057 |   0.0 |       0 |      30 |   0.0 |  1835
          D:15 |       0 |   11822 |   0.0 |       0 |      27 |   0.0 |   434
        Lair:1 |       0 |    3583 |   0.0 |       0 |      22 |   0.0 |   928
        Lair:2 |       0 |     212 |   0.0 |       0 |       2 |   0.0 |   807
        Lair:3 |       0 |    6956 |   0.0 |       0 |      22 |   0.0 |  1399
        Lair:4 |       0 |    4514 |   0.0 |       0 |      21 |   0.0 |   910
        Lair:5 |       0 |    7509 |   0.0 |       0 |      32 |   0.0 |  1413
        Lair:6 |       0 |   23228 |   0.0 |       0 |      72 |   0.0 |  1370
         Orc:1 |       0 |    3865 |   0.0 |       0 |      58 |   0.0 |  1134
         Orc:2 |       0 |    8013 |   0.0 |       0 |      62 |   0.0 |   761
         Elf:1 |       0 |   10264 |   0.0 |       0 |      17 |   0.0 |   831
           Lab |       0 |    2180 |   0.0 |       0 |      10 |   0.0 |   822
         IceCv |       0 |    9096 |   0.0 |       0 |      36 |   0.0 |  1371
               +---------+---------+-------+---------+---------+-------+---------
